General information
- name: talon
- type: Custom game
- host: WesternRefining
- saver: TALONSAREIMBA
map: EchoIsles
- players: 5
- length: 10:38
- speed: Fast
- version: 1.24 W3XP
- replay type: Public
» download(46 KB)
Players
team 1 (winner)

»
WesternRefining (
red | 103 APM | 1098 actions | 10:38)
3 Blademaster
2 Wind Walk
1 Critical Strike
2 Naga Sea Witch
1 Frost Arrows
1 Forked Lightning
» actions
| Assign group hotkey | 15 | |
| Basic commands | 18 | |
| Build / train | 35 | |
| ESC pressed | 1 | |
| Enter build submenu | 9 | |
| Enter hero's abilities submenu | 6 | |
| Give item / drop item | 1 | |
| Right click | 555 | |
| Select / deselect | 299 | |
| Select group hotkey | 112 | |
| Use ability | 47 | |
1098 total
» units
| Peon | 6 | |
| Grunt | 6 | |
| Raider | 2 | |
| Spirit Walker | 1 | |
15 total
» upgrades
» buildings
| Altar of Storms | 1 | |
| Orc Burrow | 3 | |
| Barracks | 1 | |
| Voodoo Lounge | 1 | |
| Stronghold | 1 | |
| Beastiary | 1 | |
| Spirit Lodge | 1 | |
9 total
» build order
00:04 Altar of Storms
00:19 Orc Burrow
00:33 Barracks
01:28 Orc Burrow
01:42 Voodoo Lounge
03:09 Stronghold
04:02 Orc Burrow
05:59 Beastiary
06:02 Spirit Lodge
» items
| Boots of Speed | 1 | |
| Healing Salve | 3 | |
| Lesser Clarity Potion | 3 | |
| Scroll of Speed | 2 | |
| Scroll of Town Portal | 1 | |
10 total
team 2 (loser)
TALONSAREIMBA (
blue | 161 APM | 1710 actions | 10:38)
3 Far Seer
2 Feral Spirit
1 Far Sight
1 Shadow Hunter
1 Hex
» actions
| Assign group hotkey | 24 | |
| Basic commands | 82 | |
| Build / train | 41 | |
| ESC pressed | 1 | |
| Enter build submenu | 10 | |
| Enter hero's abilities submenu | 6 | |
| Give item / drop item | 1 | |
| Right click | 845 | |
| Select / deselect | 383 | |
| Select group hotkey | 265 | |
| Use ability | 52 | |
1710 total
» units
» buildings
| Altar of Storms | 1 | |
| Orc Burrow | 4 | |
| Barracks | 1 | |
| Voodoo Lounge | 2 | |
| Stronghold | 1 | |
| Beastiary | 1 | |
10 total
» build order
00:04 Altar of Storms
00:06 Orc Burrow
00:24 Barracks
01:38 Voodoo Lounge
01:47 Orc Burrow
02:06 Voodoo Lounge
03:22 Orc Burrow
05:35 Stronghold
06:28 Orc Burrow
08:52 Beastiary
» items
| Healing Salve | 2 | |
| Ring of Protection +2 | 1 | |
| Gloves of Haste | 1 | |
| Scroll of Speed | 1 | |
| Boots of Speed | 1 | |
| Potion of Healing | 4 | |
| Lesser Clarity Potion | 1 | |
11 total
observersQ(O_o)VERPOWERD,
OakHill,
Yuri.Lowell Chat log
(00:09 / All) TALONSAREIMBA: ur gonna lose
(00:11 / All) TALONSAREIMBA: gg
(00:16 / All) WesternRefining: should i quit now?
(00:18 / All) TALONSAREIMBA: yes
(00:24 / All) WesternRefining: Save you the time right
(00:29 / All) TALONSAREIMBA: obviously
(00:41 / All) TALONSAREIMBA: wow cancelled my barracks
(00:48 / All) WesternRefining: dont get too excited
(00:57 / All) WesternRefining: you might give yourself an orgasm
(01:01 / All) TALONSAREIMBA: !!!
(01:48 / All) TALONSAREIMBA: rofl
(05:30 / All) TALONSAREIMBA: lol
(09:31 / All) WesternRefining: is orc the race u play the most ?
(09:35 / All) TALONSAREIMBA: yes!